 Dungeon Crawl Stone Soup version 0.22-a0-295-g6c1b826 (webtiles) character file.

10950 b5mith the Fighter (level 11, -1/102 HPs)
             Began as a Minotaur Berserker on Mar 24, 2018.
             Was a High Priest of Trog.
             Slain by a freezing wraith (6 damage)
             ... on level 11 of the Dungeon.
             The game lasted 00:34:07 (10247 turns).

b5mith the Fighter (Minotaur Berserker)            Turns: 10247, Time: 00:34:07

Health: -1/102     AC: 13    Str: 25    XL:     11   Next: 42%
Magic:  3/3        EV: 16    Int:  4    God:    Trog [*****.]
Gold:   664        SH:  3    Dex: 14    Spells: 10/10 levels left

rFire    + . .     SeeInvis .   a - +4 morningstar (antimagic)
rCold    . . .     Gourm    .   (no shield)
rNeg     . . .     Faith    .   U - +0 scale mail of Impixzou {*Contam rPois MR+++ Dex+4} (curse)
rPois    +         Spirit   .   (helmet restricted)
rElec    .         Reflect  +   r - +1 cloak
rCorr    .         Harm     .   F - +0 pair of gloves
MR       +++..                  (no boots)
Stlth    ..........             E - +3 amulet of reflection
HPRegen  0.27/turn              o - ring of wizardry
MPRegen  0.08/turn              D - ring of protection from fire

@: slowed, very slow
A: retaliatory headbutt, horns 2
a: Berserk, Trog's Hand, Brothers in Arms, Renounce Religion


You were on level 11 of the Dungeon.
You worshipped Trog.
Trog was extremely pleased with you.
You were not hungry.

You visited 1 branch of the dungeon, and saw 11 of its levels.

You collected 664 gold pieces.

Inventory:

Hand Weapons
 a - a +4 antimagic morningstar (weapon)
 b - a +0 shortbow
 e - a +2 vampiric hand axe
 x - a +0 mace
 y - a +0 flail
 C - a +1 flail of protection
 I - a +0 hunting sling
 X - a +4 flail of protection
Missiles
 g - 156 arrows
 G - 13 tomahawks (quivered)
 J - 54 sling bullets
Armour
 j - a +2 ring mail of cold resistance
 r - a +1 cloak (worn)
 u - a +0 animal skin
 F - a +0 pair of gloves (worn)
 U - the cursed +0 scale mail of Impixzou (worn) {*Contam rPois MR+++ Dex+4}
   (You found it on level 10 of the Dungeon)

   It affects your dexterity (+4).
   It protects you from poison.
   It affects your resistance to hostile enchantments.
   It causes magical contamination when unequipped.
   It has a curse placed upon it.
Jewellery
 l - an uncursed amulet of harm
 o - a ring of wizardry (left hand)
 D - a ring of protection from fire (right hand)
 E - a +3 amulet of reflection (around neck)
 N - an uncursed amulet of regeneration
Wands
 S - a wand of random effects (33)
 W - a wand of flame (26)
Scrolls
 d - 5 scrolls of remove curse {@r2}
 f - a scroll of amnesia {unknown}
 h - 7 scrolls of teleportation
 k - 4 scrolls of enchant armour
 m - 2 scrolls of immolation {unknown}
 K - 2 scrolls of blinking
 M - 2 scrolls of enchant weapon
 O - a scroll of fear {unknown}
 P - a scroll of noise {unknown}
 R - a scroll of magic mapping
 T - a scroll of holy word {unknown}
Potions
 i - 2 potions of heal wounds
 p - a potion of agility {unknown}
 q - 2 potions of magic {unknown}
 s - a potion of berserk rage
 t - 2 potions of flight
 v - 4 potions of curing {@q1}
 w - a potion of resistance {unknown}
 z - a potion of ambrosia {unknown}
 A - a potion of lignification {unknown}
 B - a potion of haste {unknown}
 H - 3 potions of degeneration
 Q - a potion of might {unknown}
Miscellaneous
 n - a box of beasts
 L - a lightning rod (4/4)
Comestibles
 c - 19 rations
 V - 17 chunks of flesh


   Skills:
 + Level 11.4 Fighting
 + Level 11.3 Maces & Flails
 + Level 11.1 Armour
 + Level 10.1 Dodging


You had 10 spell levels left.
You didn't know any spells.

Dungeon Overview and Level Annotations

Branches:
Dungeon (11/15)            Temple (0/1) D:5            Lair (0/6) D:10
    Orc: D:9-12

Altars:
Ashenzari
Cheibriados
Gozag
Makhleb
Nemelex Xobeh
Uskayaw
Wu Jian
The Shining One

Shops:
D:4 *   D:6 [


Innate Abilities, Weirdness & Mutations

You reflexively headbutt those who attack you in melee.
You have a pair of horns on your head.


Message History

The freezing wraith hits you!
* * * LOW HITPOINT WARNING * * *
The freezing wraith freezes you!
* * * LOW HITPOINT WARNING * * *
The freezing wraith hits you.
* * * LOW HITPOINT WARNING * * *
The freezing wraith drains your vigour!
You feel yourself slow down.
Aiming: Throw Flame
Press: ? - help, Shift-Dir - straight line, f/p - freezing wraith
Aim: a freezing wraith (lightly damaged)
The puff of flame hits the freezing wraith.
The freezing wraith is burned terribly!
The freezing wraith is moderately damaged.
The freezing wraith completely misses you.
The freezing wraith misses you. The freezing wraith hits you!
* * * LOW HITPOINT WARNING * * *
The freezing wraith freezes you!
* * * LOW HITPOINT WARNING * * *
The freezing wraith hits you.
You die...

# ########## #
#....<..<. # #.........
###############.@.......
..............'..W......
###############.........
#........$ #.......(.
#......(.( ####+#####


You could see a freezing wraith.

Vanquished Creatures
  A two-headed ogre (D:8)
  The ghost of xD the Shield-Bearer, a novice HOFi of Qazlal (D:8)
  The ghost of b5mith the Cudgeler, a novice MiBe of Trog (D:5)
  An orc knight (D:10)
  A centaur zombie (D:10)
  A gargoyle (D:9)
  A troll (D:9)
  A hippogriff (D:11)
  A meliai zombie (D:10)
  A wraith (D:10)
  4 hogs (D:7)
  Sigmund (D:5)
  A human (D:7)
  5 yaks (D:10)
  Menkaure (D:6)
  The ghost of edsrzf the Conjurer, an amateur DsWz of Okawaru (D:4)
  Edmund (D:5)
  A porcupine (D:10)
  15 orc warriors
  2 ice beasts
  2 sky beasts
  2 ogres
  A black bear (D:10)
  3 phantoms
  5 centaurs
  A crocodile (D:10)
  4 bullfrogs
  A gnoll sergeant (D:4)
  A wyvern skeleton (D:8)
  9 scorpions
  4 wights (D:7)
  3 howler monkeys
  A crimson imp (D:7)
  6 hounds
  2 jellies
  13 orc priests
  2 bullfrog skeletons
  Crazy Yiuf (D:2)
  9 orc wizards
  An iguana (D:8)
  8 worker ants
  A hound zombie (D:9)
  2 hound skeletons
  A worker ant zombie (D:7)
  6 adders
  8 gnolls
  A shadow imp (D:9)
  2 oozes
  2 adder skeletons
  3 dart slugs (D:1)
  3 worms (D:4)
  7 leopard geckos
  65 orcs
  4 giant cockroaches
  6 goblins
  6 hobgoblins
  8 jackals
  2 quokkas
  5 bats
  3 frilled lizards
  2 jackal skeletons
  6 kobolds
  10 rats
  A butterfly (D:7)
275 creatures vanquished.

Vanquished Creatures (others)
  14 fungi (D:10)
  A plant (D:10)
15 creatures vanquished.

Grand Total: 290 creatures vanquished

Notes
Turn   | Place    | Note
-------+----------+-------------------------------------------
     0 | D:1      | b5mith the Minotaur Berserker began the quest for the Orb.
     0 | D:1      | Reached XP level 1. HP: 19/19 MP: 0/0
   166 | D:1      | Reached XP level 2. HP: 27/27 MP: 1/1
   909 | D:2      | Reached XP level 3. HP: 33/33 MP: 2/2
  1152 | D:2      | Reached XP level 4. HP: 31/41 MP: 3/3
  1193 | D:2      | Reached ** piety under Trog
  1202 | D:2      | Found a runed door.
  1202 | D:2      | Noticed Crazy Yiuf
  1205 | D:2      | Killed Crazy Yiuf
  1826 | D:3      | Reached XP level 5. HP: 47/47 MP: 4/4
  2134 | D:3      | Reached skill level 5 in Fighting
  2231 | D:3      | Found a faded altar of an unknown god.
  2466 | D:4      | Reached skill level 5 in Maces & Flails
  2511 | D:4      | Reached XP level 6. HP: 44/56 MP: 5/5
  2557 | D:4      | Found Cituwadgh's General Store.
  2663 | D:4      | Reached *** piety under Trog
  2701 | D:4      | Noticed edsrzf's ghost (amateur DsWz)
  2714 | D:4      | Killed edsrzf's ghost
  2915 | D:4      | Reached skill level 5 in Armour
  2915 | D:4      | Reached XP level 7. HP: 62/62 MP: 6/6
  3521 | D:5      | Entered Level 5 of the Dungeon
  3553 | D:5      | Noticed Sigmund
  3562 | D:5      | Killed Sigmund
  3562 | D:5      | Reached skill level 5 in Dodging
  3589 | D:5      | Noticed Edmund
  3597 | D:5      | Killed Edmund
  3597 | D:5      | Reached XP level 8. HP: 65/71 MP: 7/7
  3695 | D:5      | Noticed b5mith's ghost (novice MiBe)
  3716 | D:5      | Killed b5mith's ghost
  4018 | D:5      | Found a staircase to the Ecumenical Temple.
  4162 | D:6      | Reached **** piety under Trog
  4222 | D:6      | Reached XP level 9. HP: 42/81 MP: 8/8
  4484 | D:6      | Noticed Menkaure
  4491 | D:6      | Killed Menkaure
  4924 | D:6      | Found Geuxit's Armour Shoppe.
  5055 | D:6      | Found a snail-covered altar of Cheibriados.
  5680 | D:7      | Found a burning altar of Makhleb.
  6411 | D:8      | Found an ornate altar of the Wu Jian Council.
  6431 | D:8      | Reached XP level 10. HP: 74/91 MP: 9/9
  6528 | D:8      | Reached ***** piety under Trog
  6802 | D:8      | Found a hide-covered altar of Uskayaw.
  6805 | D:8      | Found a shattered altar of Ashenzari.
  6805 | D:8      | Found a sparkling altar of Nemelex Xobeh.
  6807 | D:8      | Found an opulent altar of Gozag.
  6808 | D:8      | Found a glowing golden altar of the Shining One.
  6809 | D:8      | Noticed xD's ghost (novice HOFi)
  6846 | D:8      | Killed xD's ghost
  7054 | D:8      | Noticed a two-headed ogre
  7065 | D:8      | Killed a two-headed ogre
  7065 | D:8      | Reached skill level 10 in Fighting
  7065 | D:8      | Reached skill level 10 in Maces & Flails
  7408 | D:9      | Noticed a gargoyle
  7422 | D:9      | Killed a gargoyle
  7679 | D:9      | Reached skill level 10 in Armour
  8152 | D:9      | Noticed a white ugly thing
  8175 | D:10     | Entered Level 10 of the Dungeon
  8698 | D:10     | HP: 4/94 [orc warrior/short sword (4)]
  9174 | D:10     | Reached XP level 11. HP: 96/101 MP: 10/10
  9267 | D:10     | Got a slimy scale mail
  9278 | D:10     | Identified the cursed +0 scale mail of Impixzou {*Contam rPois MR+++ Dex+4} (You found it on level 10 of the Dungeon)
  9368 | D:10     | Received a gift from Trog
  9478 | D:10     | Found a staircase to the Lair.
  9851 | D:10     | Noticed an orc knight
  9869 | D:10     | Killed an orc knight
  9984 | D:11     | Reached skill level 10 in Dodging
 10247 | D:11     | HP: 5/102 [freezing wraith (15)]
 10247 | D:11     | Slain by a freezing wraith

Vault maps used:
D:1:      dpeg_arrival_oval
D:2:      kennysheep_generic_room_8, uniq_crazy_yiuf_cottage
D:3:      serial_glass, glass_columns_c, glass_columns_a,
          chequers_ecumenical_altar_grove
D:4:      serial_shops, shop
D:5:      temple_green, first_ration, uniq_edmund, uniq_sigmund
D:6:      serial_shops, nicolae_shop_trees, cheibriados_altar_1, uniq_menkaure
D:7:      grunt_livestock, hangedman_glass_garden, minmay_misc_feat_rugged,
          makhleb_heckhound_becter
D:8:      lemuel_round_altar, grunt_temple_overflow_open
D:9:      lightli_corner_chamber
D:10:     due_lair_maze_entry_diamond, orc_david_3, enter_bailey_3,
          library_closet
D:11:     portal_ice_cave_entry_pillars_2

Skill      XL: |  1  2  3  4  5  6  7  8  9 10 11 |
---------------+----------------------------------+-----
Fighting       | 4 5 6 8 9 10 11 | 11.4
Maces & Flails | 4 5 6 7 9 10 11 | 11.3
Armour         | 3 4 5 7 9 10 11 | 11.1
Dodging        | 3 4 5 6 8 9 10 | 10.1

Action                   |  1- 3 |  4- 6 |  7- 9 | 10-12 || total
-------------------------+-------+-------+-------+-------++-------
Melee: Mace              |    65 |    13 |       |       ||    78
       Headbutt          |     9 |    10 |    43 |    74 ||   136
       Flail             |       |    35 |   223 |   196 ||   454
       Shortbow          |       |       |       |    10 ||    10
       Morningstar       |       |       |       |    99 ||    99
 Fire: Hunting sling     |       |    79 |    32 |       ||   111
       Shortbow          |       |       |    93 |    80 ||   173
Invok: Berserk           |       |       |     2 |     4 ||     6
Evoke: Box of beasts     |       |       |       |     1 ||     1
       Wand              |       |       |       |     1 ||     1
  Use: Scroll            |       |       |     4 |     7 ||    11
       Potion            |       |       |       |     3 ||     3
  Eat: Chunk             |     1 |     5 |    13 |    10 ||    29
       Ration            |       |       |       |     2 ||     2
Armor: Ring mail         |    17 |    19 |    80 |    97 ||   213
       Scale mail        |       |       |       |    28 ||    28
Dodge: Dodged            |    36 |    31 |   139 |   192 ||   398
Block: Other             |       |       |    20 |    32 ||    52
       Reflection        |       |       |     3 |     2 ||     5

Table legend:
 A = Spawn XP
 B = Non-spawn XP
 C = Spawn XP percentage of total XP
 D = Spawn monster count
 E = Non-spawn monster count
 F = Spawn count percentage of total count
 G = Total turns spent on level
                    A         B        C        D         E        F      G
               +---------+---------+-------+---------+---------+-------+---------
         Total |       0 |   15644 |   0.0 |       0 |     274 |   0.0 | 10247
               +---------+---------+-------+---------+---------+-------+---------
           D:1 |       0 |      39 |   0.0 |       0 |      23 |   0.0 |   860
           D:2 |       0 |     110 |   0.0 |       0 |      17 |   0.0 |   905
           D:3 |       0 |     149 |   0.0 |       0 |      16 |   0.0 |   699
           D:4 |       0 |     757 |   0.0 |       0 |      35 |   0.0 |  1057
           D:5 |       0 |    1342 |   0.0 |       0 |      19 |   0.0 |   547
           D:6 |       0 |    1165 |   0.0 |       0 |      32 |   0.0 |  1079
           D:7 |       0 |    1617 |   0.0 |       0 |      29 |   0.0 |  1099
           D:8 |       0 |    2949 |   0.0 |       0 |      23 |   0.0 |  1111
           D:9 |       0 |    1379 |   0.0 |       0 |      14 |   0.0 |  1422
          D:10 |       0 |    4229 |   0.0 |       0 |      37 |   0.0 |  1161
          D:11 |       0 |    1908 |   0.0 |       0 |      29 |   0.0 |   307
               +---------+---------+-------+---------+---------+-------+---------
